 Dungeon Crawl Stone Soup version 0.20-a0-618-gbb8d3ca (webtiles) character file.

989 Kiturien the Stinger (level 8, -24/54 HPs)
             Began as an Octopode Venom Mage on Feb 9, 2017.
             Killed from afar by Anonex's ghost (39 damage)
             ... with a stone arrow
             ... on level 5 of the Dungeon.
             The game lasted 00:27:14 (6412 turns).

Kiturien the Stinger (Octopode Venom Mage)          Turns: 6412, Time: 00:27:20

Health: -24/54     AC:  1    Str:  8    XL:     8   Next: 18%
Magic:  8/15       EV: 13    Int: 19    God:
Gold:   193        SH:  4    Dex: 12    Spells: 7/15 levels left

rFire    + . .     SeeInvis .   s - +2 dagger (venom)
rCold    . . .     Gourm    .   f - +0 buckler
rNeg     . . .     Faith    .   (helmet restricted)
rPois    .         Spirit   .   t - amulet of regeneration
rElec    .         Reflect  .   l - ring of protection from cold
rCorr    .         Harm     .   c - ring of fire
MR       +....                  (no ring)
Stlth    +++.......             (no ring)
Regen    0.6/turn               (no ring)
                                (no ring)
                                (no ring)
                                (no ring)

@: no status effects
A: almost no armour, stealthy swim, amphibious, 8 rings, constrict 8, camouflage
1, high mp 1, magic resistance 1, gelatinous body 1, evolution 1
a: no special abilities


You were on level 5 of the Dungeon.
You were hungry.

You visited 1 branch of the dungeon, and saw 5 of its levels.

You collected 193 gold pieces.

Inventory:

Hand Weapons
 h - a +0 short sword of draining
 s - a +2 dagger of venom (weapon)
Armour
 f - a +0 buckler (worn)
Jewellery
 c - a ring of fire (right tentacle)
 l - a ring of protection from cold (left tentacle)
 t - an amulet of regeneration (around mantle)
Wands
 q - a wand of enslavement (13/24)
Scrolls
 d - a scroll of enchant weapon {unknown}
 e - a scroll of amnesia {unknown}
 i - 2 scrolls of magic mapping {unknown}
 j - a scroll of immolation
 o - a scroll of recharging {unknown}
 p - 2 scrolls of teleportation
 r - a scroll of noise {unknown}
Potions
 g - a potion of might
 m - a potion of heal wounds
 v - 2 potions of curing
Books
 a - a Young Poisoner's Handbook

   Spells                             Type                      Level
   a - Sting                          Conjuration/Poison           1
   b - Poisonous Vapours              Poison/Air                   2
   c - Mephitic Cloud                 Conjuration/Poison/Air       3
   d - Olgreb's Toxic Radiance        Poison                       4
   e - Venom Bolt                     Conjuration/Poison           5
Comestibles
 b - 4 bread rations
 k - 2 meat rations
 n - 6 fruits
 u - a royal jelly


   Skills:
 - Level 4.6 Fighting
 - Level 2.0 Short Blades
 - Level 3.0 Dodging
 - Level 3.4 Stealth
 - Level 2.0 Shields
 + Level 4.1 Spellcasting
 + Level 3.0 Conjurations
 + Level 0.6 Air Magic
 + Level 5.9 Poison Magic


You had 7 spell levels left.
You knew the following spells:

 Your Spells              Type           Power        Failure   Level  Hunger
a - Sting                 Conj/Pois      ###.         2%          1    None
b - Mephitic Cloud        Conj/Pois/Air  ###.....     17%         3    ###....
c - Olgreb's Toxic Radia  Pois           ####....     17%         4    ####...


Dungeon Overview and Level Annotations

Branches:
Dungeon (5/15)
 Temple: D:4-7

Altars:
Ashenzari
Elyvilon
Hepliaklqana
Ru

Annotations:
D:4 Nvm9's ghost, amateur DsFi
D:5 Anonex's ghost, novice GrEE


Innate Abilities, Weirdness & Mutations

You cannot wear most types of armour.
You are very stealthy in the water. (Stealth+)
You are amphibious.
You can wear up to eight rings at the same time.
You can use your tentacles to constrict eight enemies at once.
Your skin changes colour to match your surroundings (Stealth+).
Your rubbery body absorbs attacks. (AC +1, EV +1)
You have an increased reservoir of magic. (+10% MP)
You are resistant to hostile enchantments. (MR+)
You evolve.


Message History

Anonex's ghost is lightly damaged.
Anonex's ghost hits you.
* * * LOW HITPOINT WARNING * * *
You hit Anonex's ghost but do no damage.
Anonex's ghost is lightly damaged.
Anonex's ghost barely misses you.
You closely miss Anonex's ghost.
Anonex's ghost is lightly damaged.
Anonex's ghost points at you and mumbles some strange words.
The stone arrow hits you!
* * * LOW HITPOINT WARNING * * *
You closely miss Anonex's ghost.
Anonex's ghost is lightly damaged.
You hit Anonex's ghost but do no damage.
Anonex's ghost is lightly damaged.
Anonex's ghost says very slowly, "There's no hope."
Anonex's ghost points at you and mumbles some strange words.
The stone arrow hits you!
Ouch! That really hurt!
You die...

...## ##.#.####### . ....###.##.#
# .##...)###.# .....### #.##
###).#####.. #[)##≈≈≈.###
##..≈≈≈≈≈≈≈≈ #######
#..≈≈≈≈≈≈≈≈####.#.).### #####
##.####≈≈≈###...@W.....# #.÷..
#.)...#####.......###... #.#.#
.............######≈### #.#.#
.#####.....###≈≈≈≈≈≈≈≈#######.#[#
#.## #######.###≈≈≈≈≈≈≈≈##.##.#.#
#..###..####.# ##≈≈≈≈≈......#.#.#
#.#.#).......# #####.####......#
#.##.#.####..##### #.# #.......
#.##.#....>......# #.# ##.....#


You could see Anonex's ghost.

Vanquished Creatures
  Grinder (D:5)
  Eustachio (D:4)
  A sky beast (D:5)
  A phantom (D:5)
  A big kobold (D:5)
  Blork the orc (D:4)
  A vampire bat (D:3)
  A hound (D:5)
  Jessica (D:2)
  An iguana (D:5)
  A worker ant (D:5)
  Natasha (thrice) (D:3 D:4)
  3 adders
  2 worms
  A dart slug (D:2)
  4 leopard geckos
  9 orcs
  10 bats
  3 giant cockroaches
  8 goblins
  3 hobgoblins
  15 jackals
  A quokka (D:5)
  A ball python (D:5)
  4 frilled lizards
  A giant cockroach zombie (D:5)
  11 kobolds
  A leopard gecko skeleton (D:5)
  6 rats
97 creatures vanquished.

Notes
Turn   | Place    | Note
-------+----------+-------------------------------------------
     0 | D:1      | Kiturien the Octopode Venom Mage began the quest for the Orb.
     0 | D:1      | Reached XP level 1. HP: 11/11 MP: 3/3
   302 | D:1      | Reached XP level 2. HP: 17/17 MP: 3/5
   414 | D:1      | Reached skill level 4 in Poison Magic
   776 | D:2      | Noticed Jessica
   780 | D:2      | Killed Jessica
   780 | D:2      | Reached XP level 3. HP: 21/21 MP: 6/6
   816 | D:2      | Reached skill level 1 in Shields
  1010 | D:2      | Found a white marble altar of Elyvilon.
  1059 | D:2      | You fall through a shaft!
  1124 | D:3      | Reached XP level 4. HP: 15/27 MP: 7/7
  1636 | D:3      | Noticed Natasha
  1651 | D:3      | Killed Natasha
  1651 | D:3      | Reached XP level 5. HP: 7/31 MP: 5/9
  1932 | D:3      | Noticed Natasha
  1942 | D:3      | Killed Natasha
  2668 | D:3      | Found a hazy altar of Hepliaklqana.
  2700 | D:3      | Reached skill level 1 in Fighting
  3035 | D:2      | Found a shattered altar of Ashenzari.
  3149 | D:4      | Noticed Nvm9's ghost (amateur DsFi)
  3299 | D:3      | Learned a level 3 spell: Mephitic Cloud
  3304 | D:3      | Learned a level 4 spell: Olgreb's Toxic Radiance
  3584 | D:4      | Found a sacrificial altar of Ru.
  3725 | D:4      | Noticed Blork the orc
  3735 | D:4      | Killed Blork the orc
  3735 | D:4      | Reached XP level 6. HP: 29/41 MP: 5/10
  3875 | D:4      | Noticed Eustachio
  3885 | D:4      | Killed Eustachio
  3923 | D:4      | Noticed Natasha
  3936 | D:4      | Killed Natasha
  3951 | D:4      | Reached XP level 7. HP: 49/49 MP: 9/11
  4589 | D:5      | Entered Level 5 of the Dungeon
  5560 | D:5      | HP: 1/49 [phantom (7)]
  5776 | D:5      | Noticed Grinder
  5800 | D:5      | Killed Grinder
  5800 | D:5      | Reached skill level 5 in Poison Magic
  6138 | D:5      | Reached XP level 8. HP: 49/54 MP: 1/13
  6151 | D:5      | Gained mutation: You evolve. [mutagenic meat]
  6152 | D:5      | Gained mutation: You have an increased reservoir of magic. (+10% MP) [mutagenic meat]
  6153 | D:5      | Gained mutation: You are resistant to hostile enchantments. (MR+) [mutagenic meat]
  6399 | D:5      | Noticed Anonex's ghost (novice GrEE)
  6412 | D:5      | Killed from afar by Anonex's ghost

Vault maps used:
D:1:      lightli_arrival_chessboard
D:2:      lemuel_round_altar, lemuel_coloured_pillars_altar,
          minmay_misc_feat_iff, kennysheep_crisscross, uniq_jessica
D:3:      lemuel_doored_altar, roderic_batcave, serial_bayou_pond_b,
          uniq_natasha
D:4:      nicolae_ru_awakened_eye, first_bread, uniq_eustachio,
          uniq_crazy_yiuf_cottage, uniq_blork_the_orc
D:5:      cheibrodos_thug_alley, gammafunk_temple_overflow_elements,
          uniq_grinder

Skill      XL: |  1  2  3  4  5  6  7  8 |
---------------+-------------------------+-----
Poison Magic   | 4 5 |  5.9
Stealth        | 3 |  3.4
Shields        | 1 2 |  2.0
Dodging        | 3 |  3.0
Fighting       | 2 4 |  4.6
Short Blades   | 2 |  2.0
Spellcasting   | 3 4 |  4.1
Conjurations   | 2 3 |  3.0
Air Magic      | |  0.6

Action                   |  1- 3 |  4- 6 |  7- 9 || total
-------------------------+-------+-------+-------++-------
Melee: Mace              |     5 |       |       ||     5
       Constrict         |     6 |    27 |    17 ||    50
       Short sword       |    19 |    98 |   171 ||   288
       Tentacles         |     3 |    12 |    25 ||    40
       Dagger            |       |       |     8 ||     8
 Cast: Sting             |    31 |    22 |    42 ||    95
       Mephitic Cloud    |       |       |     6 ||     6
       Olgreb's Toxic Ra |       |       |     1 ||     1
Evoke: Wand              |       |       |     4 ||     4
  Use: Scroll            |       |     4 |     1 ||     5
       Potion            |       |     2 |     3 ||     5
 Stab: Sleeping          |     4 |     7 |     1 ||    12
  Eat: Chunk             |     1 |     7 |     7 ||    15
       Royal jelly       |       |     1 |       ||     1
       Bread ration      |       |       |     1 ||     1
Armor: Skin              |     2 |    14 |     7 ||    23
Dodge: Dodged            |    10 |    82 |    75 ||   167
Block: Buckler           |       |    21 |    19 ||    40
